 Dungeon Crawl Stone Soup version 0.30-a0-591-g3c58d2bc28 (webtiles) character file.

Game seed: 7778502854657971478

38 Leeroy the Covered (level 3, -2/29 (32) HPs)
             Began as an Armataur Fighter on Jan 4, 2023.
             Slain by a gnoll
             ... wielding a +0 flail of draining
              (8 damage)
             ... on level 2 of the Dungeon.
             The game lasted 00:01:12 (445 turns).

Leeroy the Covered (Armataur Fighter)                Turns: 445, Time: 00:01:12

HP:   -2/29 (32)    AC:  6    Str: 29    XL:     3   Next: 25%
MP:   3/3           EV:  7    Int:  8    God:
Gold: 36            SH:  4    Dex:  9    Spells: 2/2 levels left

rFire   + . .      SeeInvis .    a - +0 long sword
rCold   . . .      Faith    .    c - +0 buckler
rNeg    . . .      Spirit   .    b - +0 scale mail
rPois   .          Reflect  .    (no helmet)
rElec   .          Harm     .    (no cloak)
rCorr   .          Roll     +    (no gloves)
Will    .....                    (no barding) Stlth
                                 (no amulet)
HPRegen 0.24/turn                e - ring of protection from fire
MPRegen 0.08/turn                h - +6 ring of strength

@: drained
A: large, rugged brown scales 3, deformed body, armoured tail, roll, long
tongue, awkward tongue
a: no special abilities


You were on level 2 of the Dungeon.
You visited 1 branch of the dungeon, and saw 2 of its levels.

You collected 36 gold pieces.

Inventory:

Hand Weapons
 a - a +0 long sword (weapon)
Armour
 b - a +0 scale mail (worn)
 c - a +0 buckler (worn)
Jewellery
 e - a ring of protection from fire (left hand)
 h - a +6 ring of strength (right hand)
Scrolls
 g - a scroll of identify {unknown}
Potions
 d - a potion of might
 f - a potion of haste {unknown}


   Skills:
 - Level 2.6 Fighting
 + Level 3.4 Long Blades
 - Level 3.6 Armour
 - Level 3.2 Shields


You had 2 spell levels left.
You didn't know any spells.
Your spell library was empty.

Dungeon Overview and Level Annotations

Branches:
Dungeon (2/15)

Altars:


Innate Abilities, Weirdness & Mutations

You are completely covered in rugged brown scales. (AC +3, +7% HP)
Armour fits poorly on your strangely shaped body.
You have a long armoured tail.
You roll when moving toward enemies. (Rampage)
Your long tongue fully drains potion bottles. (2x potion effects)
Your tongue gives you trouble enunciating. (1.5x scroll delay)


Message History

You hit the gnoll.
The gnoll is moderately wounded.
The gnoll hits you but does no damage.
You hit the gnoll.
The gnoll is severely wounded.
The gnoll closely misses you.
You hit the gnoll.
You kill the gnoll!
Your Long Blades skill increases to level 3!
You have reached level 3!
Your experience leads to an increase in your attributes!
Your base attributes are Str 21, Int 8, Dex 9.
Increase (S)trength, (I)ntelligence, or (D)exterity?
You feel stronger. x2
You slash the gnoll!
The gnoll is severely wounded.
The gnoll hits you with a +0 flail. x2; You block the gnoll's attack.
You closely miss the gnoll. You tail-slap the gnoll.
You kill the gnoll!
You block the gnoll's attack.
An endoplasm comes into view.
The gnoll hits you with a +0 flail of draining.
You feel drained.
Your life force feels restored.
You roll towards the gnoll!
Found 7 gold pieces.
You barely miss the gnoll.
The endoplasm quivers.
Your tail-slap misses the gnoll.
You block the gnoll's attack.
The gnoll hits you with a +0 flail of draining!
* * * LOW HITPOINT WARNING * * *
You feel drained.
An adder comes into view.
You hit the gnoll.
The gnoll is moderately wounded.
The gnoll hits you with a +0 halberd.
* * * LOW HITPOINT WARNING * * *
The gnoll hits you but does no damage.
You feel drained. The gnoll closely misses you. The gnoll barely misses you.
You block the gnoll's attack.
The gnoll hits you with a +0 flail of draining!
You die...

#.. #. ..$ ..#
##.###..###
..........
#......#
.######.#....#
.......)...#
#######JgS.#
......g@...#
#####.#..###
...#..# ###
#..# ....
####. . #


You could see 2 gnolls, an adder and an endoplasm.

Vanquished Creatures
  2 gnolls (D:2)
  An endoplasm (D:1)
  3 goblins (D:1)
  A hobgoblin (D:1)
  2 jackals (D:1)
  A quokka (D:1)
  4 bats (D:1)
  2 frilled lizards (D:1)
  3 rats (D:1)
19 creatures vanquished.

Notes
Turn   | Place    | Note
-------+----------+-------------------------------------------
     0 | D:1      | Leeroy the Armataur Fighter began the quest for the Orb.
     0 | D:1      | Reached XP level 1. HP: 19/19 MP: 1/1
   156 | D:1      | Reached XP level 2. HP: 26/26 MP: 2/2
   441 | D:2      | Reached XP level 3. HP: 32/32 MP: 3/3
   445 | D:2      | Slain by a gnoll

Illustrated notes

Levels and vault maps discovered:
D:1:      dpeg_arrival_windows_large_door, layout_rooms
D:2:      layout_basic, hellmonk_ecumenical_altar_run_dry,
          dreamdust_princess_bridge, minmay_misc_feat_room

Skill      XL: |  1  2 |
---------------+-------+-----
Long Blades    | 2 3 |  3.4
Fighting       | |  2.6
Armour         | |  3.6
Shields        | |  3.2

Action                   || total
-------------------------++-------
Melee: Long sword        ||    49
       Tailslap          ||     3
Armor: Scale mail        ||    20
Dodge: Dodged            ||    18
Block: Buckler           ||    13

Table legend: (Time is in decaauts)
 A = Elapsed time spent in this place.
 B = Non-inter-level travel time spent in this place.
 C = Inter-level travel time spent in this place.
 D = Time resting spent in this place.
 E = Time spent auto-exploring this place.
 F = Levels seen in this place.
 G = Mean time per level.
                   A        B        C        D        E       F      G
               +--------+--------+--------+--------+--------+-----+--------+
         Total |    459 |    439 |     20 |      0 |    308 |   2 |  229.5 |
       Dungeon |    459 |    439 |     20 |      0 |    308 |   2 |  229.5 |
               +--------+--------+--------+--------+--------+-----+--------+

Top non-repeatable levels by time:
     D:1: 449 daAuts
     D:2: 9 daAuts
